 Dungeon Crawl Stone Soup version 0.22-a0-580-gd5db89c (webtiles) character file.

402 sking99 the Sneak (level 6, 0/28 HPs)
             Began as a Spriggan Enchanter on July 3, 2018.
             Slain by an orc
             ... wielding a +0 trident
              (7 damage)
             ... on level 4 of the Dungeon.
             The game lasted 00:15:51 (5515 turns).

sking99 the Sneak (Spriggan Enchanter)              Turns: 5515, Time: 00:15:51

Health: 0/28       AC:  3    Str:  5    XL:     6   Next: 55%
Magic:  4/13       EV: 19    Int: 18    God:
Gold:   197        SH:  0    Dex: 16    Spells: 4/13 levels left

rFire    . . .     SeeInvis +   a - +2 dagger
rCold    . . .     Gourm    .   (shield restricted)
rNeg     . . .     Faith    .   b - +0 robe
rPois    .         Spirit   .   (helmet restricted)
rElec    .         Reflect  .   g - +0 cloak
rCorr    .         Harm     .   (gloves unavailable)
MR       +....                  (boots unavailable)
Stlth    +++.......             (no amulet)
HPRegen  0.09/turn              (no ring)
MPRegen  0.13/turn              (no ring)

@: very slightly contaminated, very quick
A: very small, unfitting armour, see invisible, herbivore, speed 3, slow
metabolism 2
a: no special abilities


You were on level 4 of the Dungeon.
You were not hungry.

You visited 1 branch of the dungeon, and saw 4 of its levels.

You collected 197 gold pieces.

Inventory:

Hand Weapons
 a - a +2 dagger (weapon)
 o - a +0 long sword
Missiles
 v - 3 throwing nets (quivered)
Armour
 b - a +0 robe (worn)
 g - a +0 cloak (worn)
Jewellery
 u - an uncursed ring of poison resistance
Wands
 p - a wand of flame (38)
Scrolls
 c - a scroll of fog
 e - a scroll of enchant armour {unknown}
 i - a scroll of magic mapping
 j - 2 scrolls of teleportation
 n - 4 scrolls of remove curse
Potions
 f - 2 potions of might
 h - a potion of berserk rage {unknown}
 k - a potion of invisibility {unknown}
 l - a potion of resistance {unknown}
 m - a potion of haste
 q - a potion of agility {unknown}
 r - a potion of brilliance {unknown}
 s - 2 potions of curing {unknown}
 w - a potion of magic {unknown}
Comestibles
 d - 3 rations


   Skills:
 - Level 1.4 Short Blades
 + Level 3.5 Dodging
 + Level 6.5 Stealth
 - Level 4.0 Spellcasting
 - Level 1.0 Conjurations
 * Level 6.0 Hexes
 - Level 2.0 Ice Magic


You had 4 spell levels left.
You knew the following spells:

 Your Spells              Type           Power        Failure   Level  Hunger
a - Ensorcelled Hibernat  Hex/Ice        ###...       4%          2    ##.....
b - Confuse               Hex            ####....     3%          3    ###....
c - Dazzling Spray        Conj/Hex       ###...       11%         3    ###....
d - Corona                Hex            ####...      1%          1    None

Your spell library contained the following spells:

 Spells                   Type           Power        Failure   Level  Hunger
 Magic Dart               Conj           #...         10%         1    None
 Conjure Flame            Conj/Fire      #.......     34%         3    ###....
 Slow                     Hex            ####....     1%          2    ##.....
 Mephitic Cloud           Conj/Pois/Air  #.......     36%         3    ###....
 Blink                    Tloc           N/A          22%         2    ##.....
 Call Imp                 Summ           #.......     22%         2    ##.....
 Tukima's Dance           Hex            ####....     3%          3    ###....


Dungeon Overview and Level Annotations

Branches:
Dungeon (4/15)             Temple (0/1) D:4

Altars:
Kikubaaqudgha
Makhleb
Vehumet

Annotations:
D:4 3 runed doors, Hebeh's ghost, novice MiFi


Innate Abilities, Weirdness & Mutations

You are very small and have problems with some larger weapons.
You are too small for most types of armour.
You have supernaturally acute eyesight. (SInv)
You are a herbivore.
You cover ground extremely quickly.
You need to consume almost no food.


Message History

You impale the adder!!
You kill the adder!
Casting: Ensorcelled Hibernation (safe; 4% risk of failure)
Confirm with . or Enter, or press ? or * to list all spells.
Aiming: Ensorcelled Hibernation (safe; 4% risk of failure)
Press: ? - help, Shift-Dir - straight line, f - orc priest
Aim: an orc priest, wielding a falchion (chance to defeat MR: 49%)
The orc priest resists with some effort.
The orc completely misses you.
The orc priest invokes the aid of Beogh against you.
Beogh smites you!
* * * LOW HITPOINT WARNING * * *
Casting: Ensorcelled Hibernation (safe; 4% risk of failure)
Confirm with . or Enter, or press ? or * to list all spells.
Aiming: Ensorcelled Hibernation (safe; 4% risk of failure)
Press: ? - help, Shift-Dir - straight line, f/p - orc priest
Aim: an orc priest, wielding a falchion (chance to defeat MR: 49%)
You miscast Ensorcelled Hibernation.
Nothing appears to happen.
The orc hits you from afar with a trident!
You die...

...# #...# *,**,,,,,,,,,,,,
..##**####.#.#####...,,,,,,,,,,,,
..#,,................,,,,,,,,,,,,
).#,*#####.#..####..#,,*****,,,,,
..#,*<...........#,,*,,,,,,,,,,,,
..#,**####.#.....#,,*,,,****,,,,,
..#,****,#.#.#...#,,*,,,* **,,,,
,,,,,,,,,#,#.#...#,,*,,,* ****+
*,*,****,*,#.#..@#,,*,,,* ******+
,,,,****+*,#.##o##,,*,,,* *,,,,,,
*,,,**,,<,,....o.,,,*,,,* *,,,,,,
*,,,,,,,,,,,####.#,**,,,* *,,,,,,
*,,**,,,,,,,** *.#,**,,,* *,,,,,,
*,,**,,,,,,,,* *..,**,,,* *,,,,,,
*,,,,,,,,,,,,* *#.,**,,,* *,,,,,,
*,***,,,,,,,,* *..**,,,* *,,,,,,
*,***,*,,,,,,* *,,**,,,* *,,,,,,


You could see an orc priest and an orc.

Vanquished Creatures
  An ogre (D:4)
  A water moccasin zombie (D:4)
  A howler monkey (D:4)
  An orc priest (D:3)
  5 adders
  A gnoll (D:1)
  An ooze (D:3)
  2 worms (D:2)
  3 dart slugs
  2 leopard geckos
  9 orcs
  A ball python (D:1)
  11 bats
  3 giant cockroaches
  7 goblins
  11 hobgoblins
  21 jackals
  2 quokkas (D:2)
  7 frilled lizards
  8 kobolds
  7 rats
105 creatures vanquished.

Notes
Turn   | Place    | Note
-------+----------+-------------------------------------------
     0 | D:1      | sking99 the Spriggan Enchanter began the quest for the Orb.
     0 | D:1      | Reached XP level 1. HP: 9/9 MP: 5/5
   360 | D:1      | Reached XP level 2. HP: 6/13 MP: 2/6
   604 | D:1      | Learned a level 2 spell: Ensorcelled Hibernation
   913 | D:1      | Reached skill level 5 in Stealth
   973 | D:1      | Reached XP level 3. HP: 16/16 MP: 0/8
  2308 | D:2      | Found a radiant altar of Vehumet.
  2308 | D:2      | Found a burning altar of Makhleb.
  2366 | D:2      | Reached XP level 4. HP: 21/21 MP: 7/10
  2518 | D:2      | Learned a level 3 spell: Confuse
  2741 | D:2      | Reached skill level 1 in Ice Magic
  3488 | D:3      | Reached skill level 5 in Hexes
  3488 | D:3      | Reached XP level 5. HP: 3/24 MP: 6/11
  3902 | D:3      | Found an ancient bone altar of Kikubaaqudgha.
  4812 | D:4      | Learned a level 3 spell: Dazzling Spray
  4951 | D:4      | Found a runed gate.
  4951 | D:4      | Found a runed gate.
  4953 | D:4      | Found a runed gate.
  4956 | D:4      | Noticed Hebeh's ghost (novice MiFi)
  5323 | D:4      | Noticed an ogre
  5325 | D:4      | Killed an ogre
  5325 | D:4      | Reached XP level 6. HP: 28/28 MP: 13/13
  5363 | D:4      | Reached skill level 1 in Conjurations
  5515 | D:4      | Slain by an orc

Vault maps used:
D:1:      minmay_arrival_checkered_box
D:2:      gammafunk_temple_overflow_wave, first_ration
D:3:      kiku_gazebo_pond_becter, st_stairs_8, grunt_ministairs_9, minivault_26
D:4:      temple_green, gammafunk_ghost_necromancy, minmay_stone_trees_medium

Skill      XL: |  1  2  3  4  5  6 |
---------------+-------------------+-----
Spellcasting   | 3 4 |  4.0
Stealth        | 5 6 |  6.5
Hexes          | 4 5 6 |  6.0
Ice Magic      | 1 2 |  2.0
Conjurations   | 1 |  1.0
Short Blades   | |  1.4
Dodging        | |  3.5

Action                   |  1- 3 |  4- 6 || total
-------------------------+-------+-------++-------
Melee: Dagger            |   120 |   126 ||   246
Throw: Throwing net      |       |     1 ||     1
 Cast: Corona            |    12 |       ||    12
       Ensorcelled Hiber |    43 |    72 ||   115
       Dazzling Spray    |       |     3 ||     3
       Confuse           |       |     1 ||     1
  Use: Scroll            |       |     9 ||     9
 Stab: Sleeping          |    24 |    50 ||    74
       Distracted        |     1 |       ||     1
       Held in net/web   |       |     1 ||     1
       Confused          |       |     3 ||     3
  Eat: Ration            |     1 |     3 ||     4
Armor: Robe              |    38 |    14 ||    52
Dodge: Dodged            |   192 |   101 ||   293

Table legend:
 A = Spawn XP
 B = Non-spawn XP
 C = Spawn XP percentage of total XP
 D = Spawn monster count
 E = Non-spawn monster count
 F = Spawn count percentage of total count
 G = Total turns spent on level
                    A         B        C        D         E        F      G
               +---------+---------+-------+---------+---------+-------+---------
         Total |       0 |     575 |   0.0 |       0 |     105 |   0.0 |  5515
               +---------+---------+-------+---------+---------+-------+---------
           D:1 |       0 |      70 |   0.0 |       0 |      34 |   0.0 |  2219
           D:2 |       0 |     107 |   0.0 |       0 |      29 |   0.0 |  1478
           D:3 |       0 |      99 |   0.0 |       0 |      28 |   0.0 |  1085
           D:4 |       0 |     299 |   0.0 |       0 |      14 |   0.0 |   733
               +---------+---------+-------+---------+---------+-------+---------
